[ AOE2 MATCH · #505554926 ]
UnrankedPersians vs Lithuanians
Player's team · LOSS
[ REPLAY ANALYSIS · EXTRACTED FROM THE RECORDED GAME ]
Feudal
8:32
Castle
20:11
Imperial
—
| APM avg | 70.1 |
| APM peak | 126 |
| eAPM avg | 29.6 |
| Villagers / military | 126 / 104 |
Focus
⚔️ 37.0% · 🌾 63.0%
Cavalry Archer ×75 · Scout Cavalry ×29
Feudal
12:40
Castle
20:32
Imperial
38:48
| APM avg | 46.7 |
| APM peak | 83 |
| eAPM avg | 24.7 |
| Villagers / military | 142 / 72 |
Focus
⚔️ 44.1% · 🌾 55.9%
Cavalry Archer ×45 · Leitis ×5 · Scorpion ×5 · Spearman ×4 · Militia ×3 · Skirmisher ×3
Match map
Initial resources + every placement click. Lines = walls · curves = elevation contours. ◆ gold · ⬟ stone · ● berries · ✦ relic · ◌ wall gap
Your base· Open — 6t gap
JayJotaOfficial's base· Open — unwalled flank
Smoothed initial terrain · ◌ = detected wall gap · hover for details
Inputs per minute
— FofocaStyle - - JayJotaOfficial
Build order — FofocaStyle
First 150 of 382 actions detected
| 0:02 | Queue | Villager (Male) |
| 0:02 | Queue | Villager (Male) |
| 0:03 | Build | House |
| 0:04 | Build | House |
| 0:10 | Queue | Villager (Male) |
| 0:10 | Queue | Villager (Male) |
| 0:22 | Queue | Villager (Male) |
| 1:24 | Queue | Villager (Male) |
| 1:24 | Queue | Villager (Male) |
| 1:58 | Queue | Villager (Male) |
| 2:05 | Build | Lumber Camp |
| 2:17 | Queue | Villager (Male) |
| 2:17 | Queue | Villager (Male) |
| 2:59 | Queue | Villager (Male) |
| 2:59 | Queue | Villager (Male) |
| 3:16 | Build | House |
| 3:17 | Build | House |
| 3:29 | Queue | Villager (Male) |
| 3:29 | Queue | Villager (Male) |
| 3:29 | Queue | Villager (Male) |
| 3:29 | Queue | Villager (Male) |
| 3:47 | Queue | Villager (Male) |
| 3:47 | Queue | Villager (Male) |
| 3:47 | Queue | Villager (Male) |
| 4:08 | Build | Mill |
| 5:06 | Queue | Villager (Male) |
| 5:26 | Queue | Villager (Male) |
| 5:27 | Research | Loom |
| 6:28 | Research | Feudal Age |
| 6:29 | Research | Feudal Age |
| 6:29 | Research | Feudal Age |
| 7:25 | Build | Palisade Gate |
| 7:33 | Build | Barracks |
| 7:45 | Build | House |
| 8:15 | Build | Palisade Wall |
| 8:15 | Build | Palisade Wall |
| 8:16 | Build | Palisade Wall |
| 8:21 | Build | Palisade Gate |
| 8:32 | Age | Feudal Age |
| 8:52 | Queue | Villager (Male) |
| 8:53 | Build | Stable |
| 9:01 | Research | Double-Bit Axe |
| 9:01 | Research | Double-Bit Axe |
| 9:21 | Build | Farm |
| 9:21 | Queue | Villager (Male) |
| 9:30 | Queue | Scout Cavalry |
| 9:30 | Queue | Scout Cavalry |
| 9:43 | Build | Farm |
| 9:44 | Build | Farm |
| 9:53 | Queue | Villager (Male) |
| 10:16 | Build | Farm |
| 10:24 | Queue | Scout Cavalry |
| 10:32 | Build | Mill |
| 10:47 | Queue | Villager (Male) |
| 10:52 | Build | Farm |
| 10:54 | Build | Farm |
| 11:09 | Build | Farm |
| 11:12 | Queue | Villager (Male) |
| 11:12 | Queue | Villager (Male) |
| 11:12 | Queue | Villager (Male) |
| 11:34 | Queue | Villager (Male) |
| 11:41 | Build | Palisade Wall |
| 11:42 | Build | Palisade Wall |
| 11:43 | Build | Palisade Wall |
| 11:43 | Build | Palisade Wall |
| 12:09 | Queue | Scout Cavalry |
| 12:09 | Queue | Villager (Male) |
| 12:30 | Build | Palisade Wall |
| 12:30 | Build | Palisade Wall |
| 12:31 | Build | Palisade Wall |
| 12:36 | Queue | Villager (Male) |
| 13:11 | Queue | Scout Cavalry |
| 13:13 | Build | Farm |
| 13:15 | Build | Mining Camp |
| 13:27 | Queue | Villager (Male) |
| 13:32 | Build | House |
| 13:41 | Queue | Scout Cavalry |
| 13:49 | Queue | Villager (Male) |
| 14:12 | Queue | Villager (Male) |
| 14:15 | Build | Palisade Wall |
| 14:16 | Build | Palisade Wall |
| 14:26 | Build | Palisade Wall |
| 14:27 | Build | Palisade Wall |
| 14:29 | Build | Palisade Wall |
| 14:48 | Queue | Villager (Male) |
| 14:52 | Build | House |
| 15:01 | Queue | Villager (Male) |
| 15:34 | Queue | Villager (Male) |
| 15:51 | Queue | Villager (Male) |
| 16:17 | Queue | Villager (Male) |
| 16:17 | Queue | Villager (Male) |
| 16:20 | Build | Market |
| 16:37 | Build | Archery Range |
| 16:46 | Build | Palisade Gate |
| 16:49 | Build | Archery Range |
| 17:46 | Research | Castle Age |
| 17:46 | Research | Castle Age |
| 18:07 | Build | Archery Range |
| 18:11 | Build | Blacksmith |
| 18:16 | Build | Lumber Camp |
| 18:22 | Build | Palisade Gate |
| 18:29 | Build | House |
| 18:30 | Build | House |
| 18:31 | Build | House |
| 19:03 | Research | Fletching |
| 19:03 | Research | Fletching |
| 19:32 | Research | Gold Mining |
| 19:33 | Research | Horse Collar |
| 19:33 | Research | Horse Collar |
| 20:11 | Age | Castle Age |
| 20:13 | Queue | Cavalry Archer |
| 20:13 | Queue | Cavalry Archer |
| 20:14 | Queue | Villager (Male) |
| 20:18 | Build | House |
| 20:19 | Build | House |
| 20:28 | Research | Bodkin Arrow |
| 20:28 | Research | Bodkin Arrow |
| 20:31 | Queue | Cavalry Archer |
| 20:31 | Queue | Cavalry Archer |
| 20:38 | Build | House |
| 20:39 | Build | House |
| 20:48 | Queue | Villager (Male) |
| 20:50 | Queue | Villager (Male) |
| 20:59 | Build | Farm |
| 20:59 | Build | Farm |
| 21:06 | Queue | Cavalry Archer |
| 21:06 | Queue | Villager (Male) |
| 21:07 | Queue | Villager (Male) |
| 21:17 | Build | House |
| 21:24 | Research | Horse Collar |
| 21:24 | Research | Horse Collar |
| 21:26 | Queue | Villager (Male) |
| 21:26 | Queue | Villager (Male) |
| 21:26 | Queue | Villager (Male) |
| 21:52 | Queue | Villager (Male) |
| 21:52 | Queue | Villager (Male) |
| 21:56 | Build | Farm |
| 21:57 | Build | Farm |
| 22:09 | Queue | Villager (Male) |
| 22:09 | Queue | Villager (Male) |
| 22:11 | Build | Farm |
| 22:29 | Queue | Villager (Male) |
| 22:33 | Build | Farm |
| 22:33 | Build | Farm |
| 22:34 | Queue | Cavalry Archer |
| 22:34 | Queue | Cavalry Archer |
| 22:40 | Queue | Villager (Male) |
| 22:40 | Queue | Villager (Male) |
| 22:40 | Queue | Villager (Male) |
| 22:40 | Queue | Villager (Male) |
Build order — JayJotaOfficial
First 150 of 343 actions detected
| 0:01 | Queue | Villager (Male) |
| 0:02 | Queue | Villager (Male) |
| 0:03 | Build | House |
| 0:04 | Build | House |
| 0:07 | Queue | Villager (Male) |
| 0:07 | Queue | Villager (Male) |
| 0:14 | Queue | Villager (Male) |
| 0:14 | Queue | Villager (Male) |
| 1:24 | Queue | Villager (Male) |
| 2:13 | Build | Barracks |
| 2:19 | Build | House |
| 2:32 | Queue | Villager (Male) |
| 3:05 | Queue | Militia |
| 3:09 | Build | House |
| 3:16 | Queue | Villager (Male) |
| 3:16 | Queue | Villager (Male) |
| 3:29 | Queue | Militia |
| 3:51 | Queue | Villager (Male) |
| 3:51 | Queue | Villager (Male) |
| 4:06 | Build | House |
| 4:12 | Queue | Villager (Male) |
| 4:12 | Queue | Villager (Male) |
| 4:28 | Queue | Militia |
| 4:57 | Queue | Villager (Male) |
| 5:25 | Queue | Villager (Male) |
| 5:43 | Build | Lumber Camp |
| 5:49 | Queue | Villager (Male) |
| 5:52 | Queue | Villager (Male) |
| 6:01 | Queue | Villager (Male) |
| 6:31 | Queue | Villager (Male) |
| 6:40 | Queue | Villager (Male) |
| 6:52 | Build | Mill |
| 7:08 | Queue | Villager (Male) |
| 7:23 | Queue | Villager (Male) |
| 7:33 | Build | Farm |
| 7:46 | Queue | Villager (Male) |
| 7:50 | Build | House |
| 7:54 | Research | Loom |
| 8:03 | Build | Farm |
| 8:23 | Queue | Villager (Male) |
| 8:48 | Queue | Villager (Male) |
| 8:50 | Queue | Villager (Male) |
| 8:52 | Build | Farm |
| 8:57 | Queue | Villager (Male) |
| 9:15 | Queue | Villager (Male) |
| 9:18 | Build | Farm |
| 9:27 | Queue | Villager (Male) |
| 9:51 | Build | House |
| 10:30 | Research | Feudal Age |
| 10:39 | Build | Palisade Wall |
| 10:43 | Build | House |
| 11:06 | Build | Palisade Wall |
| 11:14 | Build | Mining Camp |
| 11:36 | Queue | Villager (Male) |
| 11:55 | Queue | Villager (Male) |
| 12:12 | Build | House |
| 12:13 | Build | Palisade Wall |
| 12:17 | Build | Palisade Wall |
| 12:19 | Build | Palisade Wall |
| 12:20 | Build | House |
| 12:25 | Queue | Villager (Male) |
| 12:32 | Queue | Villager (Male) |
| 12:40 | Age | Feudal Age |
| 12:42 | Queue | Spearman |
| 12:43 | Queue | Villager (Male) |
| 12:56 | Build | Stable |
| 13:02 | Build | House |
| 13:04 | Build | House |
| 13:16 | Research | Man-at-Arms (upgrade) |
| 13:17 | Queue | Villager (Male) |
| 13:37 | Build | Farm |
| 13:37 | Queue | Villager (Male) |
| 13:44 | Build | Farm |
| 13:48 | Build | Mill |
| 13:53 | Queue | Villager (Male) |
| 14:00 | Build | Farm |
| 14:06 | Queue | Spearman |
| 14:13 | Queue | Villager (Male) |
| 14:16 | Queue | Spearman |
| 14:44 | Queue | Villager (Male) |
| 14:54 | Build | Farm |
| 14:57 | Build | Palisade Gate |
| 15:08 | Queue | Villager (Male) |
| 15:13 | Queue | Villager (Male) |
| 15:15 | Build | Farm |
| 15:31 | Queue | Villager (Male) |
| 15:44 | Queue | Villager (Male) |
| 16:01 | Queue | Villager (Male) |
| 16:16 | Build | Farm |
| 16:25 | Build | Farm |
| 17:27 | Queue | Villager (Male) |
| 17:31 | Build | Blacksmith |
| 17:52 | Research | Castle Age |
| 18:07 | Research | Double-Bit Axe |
| 18:55 | Build | Archery Range |
| 18:57 | Research | Bloodlines |
| 18:59 | Research | Fletching |
| 19:39 | Research | Padded Archer Armor |
| 19:55 | Queue | Villager (Male) |
| 20:22 | Queue | Spearman |
| 20:30 | Build | Palisade Wall |
| 20:32 | Age | Castle Age |
| 20:37 | Build | Town Center |
| 20:40 | Queue | Cavalry Archer |
| 20:41 | Queue | Villager (Male) |
| 20:43 | Research | Bodkin Arrow |
| 20:49 | Build | Archery Range |
| 21:03 | Research | Horse Collar |
| 21:03 | Research | Horse Collar |
| 21:15 | Queue | Cavalry Archer |
| 21:24 | Build | House |
| 21:25 | Build | House |
| 21:31 | Build | House |
| 21:32 | Queue | Villager (Male) |
| 21:33 | Queue | Skirmisher |
| 21:36 | Queue | Cavalry Archer |
| 21:37 | Queue | Villager (Male) |
| 21:38 | Queue | Villager (Male) |
| 21:43 | Queue | Villager (Male) |
| 21:59 | Queue | Cavalry Archer |
| 22:00 | Queue | Villager (Male) |
| 22:27 | Queue | Villager (Male) |
| 22:39 | Build | University |
| 22:42 | Queue | Cavalry Archer |
| 22:42 | Queue | Cavalry Archer |
| 22:42 | Queue | Villager (Male) |
| 22:53 | Queue | Cavalry Archer |
| 22:53 | Queue | Cavalry Archer |
| 23:06 | Research | Town Watch |
| 23:14 | Build | Farm |
| 23:31 | Queue | Villager (Male) |
| 23:46 | Research | Ballistics |
| 23:47 | Research | Ballistics |
| 23:50 | Build | Farm |
| 23:51 | Queue | Villager (Male) |
| 24:03 | Queue | Cavalry Archer |
| 24:04 | Queue | Cavalry Archer |
| 24:07 | Queue | Villager (Male) |
| 24:10 | Build | Farm |
| 24:14 | Queue | Cavalry Archer |
| 24:17 | Build | Farm |
| 24:19 | Build | Farm |
| 24:22 | Build | House |
| 24:42 | Queue | Cavalry Archer |
| 24:42 | Queue | Cavalry Archer |
| 24:42 | Queue | Villager (Male) |
| 24:47 | Queue | Villager (Male) |
| 24:59 | Queue | Villager (Male) |
| 25:07 | Build | Town Center |
| 25:08 | Queue | Villager (Male) |
Match timeline
| 2:13 | JayJotaOfficial · first_building Barracks |
| 7:33 | FofocaStyle · first_building Barracks |
| 8:15 | FofocaStyle · wall_segment Palisade Wall x1 |
| 8:15 | FofocaStyle · wall_segment Palisade Wall x1 |
| 8:16 | FofocaStyle · wall_segment Palisade Wall x1 |
| 8:32 | FofocaStyle · age_up feudal |
| 8:53 | FofocaStyle · first_building Stable |
| 10:39 | JayJotaOfficial · wall_segment Palisade Wall x7 |
| 11:06 | JayJotaOfficial · wall_segment Palisade Wall x13 |
| 11:41 | FofocaStyle · wall_segment Palisade Wall x1 |
| 11:42 | FofocaStyle · wall_segment Palisade Wall x1 |
| 11:43 | FofocaStyle · wall_segment Palisade Wall x1 |
| 11:43 | FofocaStyle · wall_segment Palisade Wall x1 |
| 12:13 | JayJotaOfficial · wall_segment Palisade Wall x1 |
| 12:17 | JayJotaOfficial · wall_segment Palisade Wall x1 |
| 12:19 | JayJotaOfficial · wall_segment Palisade Wall x1 |
| 12:30 | FofocaStyle · wall_segment Palisade Wall x1 |
| 12:30 | FofocaStyle · wall_segment Palisade Wall x1 |
| 12:31 | FofocaStyle · wall_segment Palisade Wall x2 |
| 12:40 | JayJotaOfficial · age_up feudal |
| 12:56 | JayJotaOfficial · first_building Stable |
| 14:15 | FofocaStyle · wall_segment Palisade Wall x1 |
| 14:16 | FofocaStyle · wall_segment Palisade Wall x1 |
| 14:26 | FofocaStyle · wall_segment Palisade Wall x1 |
| 14:27 | FofocaStyle · wall_segment Palisade Wall x1 |
| 14:29 | FofocaStyle · wall_segment Palisade Wall x1 |
| 16:37 | FofocaStyle · first_building Archery Range |
| 17:33 | FofocaStyle · first_market_sell 100 wood |
| 18:55 | JayJotaOfficial · first_building Archery Range |
| 20:11 | FofocaStyle · age_up castle |
| 20:30 | JayJotaOfficial · wall_segment Palisade Wall x1 |
| 20:32 | JayJotaOfficial · age_up castle |
| 20:49 | FofocaStyle · first_market_buy 100 food |
| 22:58 | FofocaStyle · wall_segment Palisade Wall x6 |
| 25:43 | JayJotaOfficial · first_building Monastery |
| 29:38 | JayJotaOfficial · first_building Siege Workshop |
| 29:56 | JayJotaOfficial · first_market_buy 100 food |
| 30:36 | JayJotaOfficial · first_market_sell 100 wood |
| 34:13 | JayJotaOfficial · first_building Castle |
| 37:34 | FofocaStyle · first_building Castle |
| 38:48 | JayJotaOfficial · age_up imperial |
| 39:01 | FofocaStyle · resign |
[ AI ANALYSIS · 1 CREDIT ]
What really happened in this match?
Wolo.gg analyzes every decision: build order, eco, micro, common mistakes by bracket. Personalized analysis on WhatsApp or Discord in 30 seconds.
Civ guide
Persians
Perfil
Jugador #17300339